 Dungeon Crawl Stone Soup version 0.29-a0-838-g385bb11a5b (webtiles) character file.

Game seed: 14846088977882301989

161 jimonade the Shooter (level 5, -3/31 HPs)
             Began as a Deep Elf Hunter on July 12, 2022.
             Slain by a gnoll
             ... wielding a +0 spear
              (4 damage)
             ... on level 4 of the Dungeon on July 13, 2022.
             The game lasted 00:06:45 (3567 turns).

jimonade the Shooter (Deep Elf Hunter)              Turns: 3567, Time: 00:06:45

Health: -3/31      AC:  4    Str:  8    XL:     5   Next: 19%
Magic:  10/10      EV: 12    Int: 14    God:
Gold:   121        SH:  0    Dex: 20    Spells: 8/8 levels left

rFire   + . .      SeeInvis .   a - +0 shortbow
rCold   . . .      Faith    .   (shield currently unavailable)
rNeg    . . .      Spirit   .   c - +0 leather armour
rPois   .          Reflect  .   (no helmet)
rElec   .          Harm     .   (no cloak)
rCorr   .          Rampage  .   (no gloves)
Will    .....                   h - +0 pair of boots
Stlth   ++........              (no amulet)
HPRegen 0.10/turn               d - ring of protection from fire
MPRegen 0.12/turn               (no ring)

@: flying
A: no striking features
a: no special abilities


You were on level 4 of the Dungeon.
You visited 1 branch of the dungeon, and saw 4 of its levels.

You collected 121 gold pieces.

Inventory:

Hand Weapons
 a - a +0 shortbow (weapon)
 w - a +0 spear
Missiles
 k - 22 poisoned darts
 q - 37 stones
 t - 4 boomerangs
Armour
 c - a +0 leather armour (worn)
 h - a +0 pair of boots (worn)
 m - a +0 scale mail of fire resistance
 p - a +0 buckler
 s - a +0 chain mail
 v - a +0 cloak
 D - a +0 scale mail
Magical Staves
 B - a staff of death
Jewellery
 d - a ring of protection from fire (left hand)
Wands
 y - a wand of flame (10)
Scrolls
 b - a scroll of immolation
 e - 2 scrolls of blinking {unknown}
 g - 2 scrolls of teleportation {unknown}
 i - 6 scrolls of identify {unknown}
 n - 2 scrolls of magic mapping {unknown}
 o - 2 scrolls of enchant armour {unknown}
 r - a scroll of acquirement {unknown}
 C - a scroll of enchant weapon {unknown}
 F - a scroll of amnesia {unknown}
 G - a scroll of fog {unknown}
Potions
 j - a potion of resistance {unknown}
 l - a potion of might {unknown}
 u - a potion of magic {unknown}
 x - a potion of heal wounds {unknown}
 z - 2 potions of curing {unknown}
 A - a potion of brilliance {unknown}
 E - a potion of ambrosia {unknown}


   Skills:
 * Level 2.4 Fighting
 + Level 7.4 Ranged Weapons
 - Level 0.5 Armour
 + Level 2.5 Dodging
 + Level 1.2 Stealth
 * Level 2.1 Spellcasting


You had 8 spell levels left.
You didn't know any spells.
Your spell library contained the following spells:

 Spells                   Type           Power      Damage    Failure   Level
 Call Canine Familiar     Summ           1%         N/A       69%         3
 Portal Projectile        Hex/Tloc       2%         N/A       69%         3
 Leda's Liquefaction      Hex/Erth       0%         N/A       97%         4


Dungeon Overview and Level Annotations

Branches:
Dungeon (4/15)
 Temple: D:4-7

Altars:
Trog
Uskayaw
Yredelemnul


Message History

The ufetubus completely misses you. The ufetubus closely misses you.
The gnoll hits you from afar with a +0 spear.
The ufetubus hits you.
The ufetubus hits you but does no damage.
You are too injured to fight recklessly!
You are too injured to fight recklessly!
You are too injured to fight recklessly!
Fire: a) +0 shortbow
Press: ? - help, Q - select action, (/) - cycle Shift-Dir - straight line, f/p - ufetubus
Aim: an ufetubus (51% to hit)
You shoot an arrow. The arrow closely misses the ufetubus.
The ufetubus barely misses you. x2
The gnoll hits you from afar with a +0 spear.
The ufetubus hits you but does no damage.
The ufetubus barely misses you.
Fire: a) +0 shortbow
Press: ? - help, Q - select action, (/) - cycle Shift-Dir - straight line, f/p - ufetubus
Aim: an ufetubus (51% to hit)
You shoot an arrow. The arrow barely misses the ufetubus.
The ufetubus barely misses you. The ufetubus misses you.
The gnoll closely misses you. The ufetubus misses you.
The ufetubus hits you but does no damage.
The gnoll hits you from afar with a +0 spear.
* * * LOW HITPOINT WARNING * * *
Fire: a) +0 shortbow
Press: ? - help, Q - select action, (/) - cycle Shift-Dir - straight line, f/p - ufetubus
Aim: an ufetubus (51% to hit)
You shoot an arrow. The arrow hits the ufetubus!
You kill the ufetubus!
The gnoll hits you from afar with a +0 spear.
* * * LOW HITPOINT WARNING * * *
The kobold attacks as you move away!
The kobold hits you with a +0 short sword.
* * * LOW HITPOINT WARNING * * *
It was a potion of flight.
You feel very buoyant.
You fly up into the air.
The gnoll barely misses you. The kobold misses you.
You feel more buoyant.
The gnoll hits you from afar with a +0 spear.
You die...

....#.#...#.# ... #. ....#.#####
# ## .... #.######## #####.# ..
.....#.#......) #####.####
#.##............... .........#
#.................. .........#
#..#########'###### .........#
..##).....#.#.#### .........#
#.#..#...##.#...## #####.####
#@#####.##..#...## #.#
#.Kgg)#+#...#....#
#####.##########.##........#)...#
.................###........###.#
###############..#.#.........####
#..#.'#...#.......'
#..#.#.........####
#..###........## #
#..##........#'...#


You could see a gnoll, a hobgoblin and a kobold.

Vanquished Creatures
  A hound (D:3)
  4 adders
  An ufetubus (D:4)
  2 worms
  3 dart slugs
  8 ball pythons
  5 bats
  8 endoplasms
  5 giant cockroaches
  5 hobgoblins
  11 jackals
  7 kobolds
  A quokka (D:2)
  6 frilled lizards
  5 goblins
  3 rats (D:1)
75 creatures vanquished.

Notes
Turn   | Place    | Note
-------+----------+-------------------------------------------
     0 | D:1      | jimonade the Deep Elf Hunter began the quest for the Orb.
     0 | D:1      | Reached XP level 1. HP: 12/12 MP: 3/3
    88 | D:1      | Reached XP level 2. HP: 16/16 MP: 4/4
   149 | D:1      | Reached skill level 6 in Ranged Weapons
   377 | D:1      | Reached XP level 3. HP: 21/21 MP: 6/6
   401 | D:1      | Reached skill level 1 in Spellcasting
  1578 | D:2      | Found a faded altar of an unknown god.
  1738 | D:2      | Reached XP level 4. HP: 26/26 MP: 8/8
  2387 | D:3      | Reached skill level 7 in Ranged Weapons
  2853 | D:3      | Reached XP level 5. HP: 30/30 MP: 10/10
  3017 | D:3      | Upgraded the game from 0.29-a0-830-gcb1280458a to
                  | 0.29-a0-838-g385bb11a5b
  3052 | D:4      | Found a basalt altar of Yredelemnul.
  3120 | D:4      | Found a hide-covered altar of Uskayaw.
  3331 | D:4      | Found a bloodstained altar of Trog.
  3565 | D:4      | HP: 1/31 [kobold/+0 short sword (3)]
  3567 | D:4      | Slain by a gnoll

Illustrated notes

Levels and vault maps discovered:
D:1:      roderic_chinese_lattice_arrival, layout_basic
D:2:      layout_basic, ebering_ecumenical_altar_sacrificial,
          kennysheep_generic_room_15
D:3:      layout_basic
D:4:      layout_basic, eat_drink_and_be_merry_uskayaw,
          mainiacjoe_overflow_boulevard, nicolae_overflow_crystal_walls,
          minmay_pentangle

Skill      XL: |  1  2  3  4 |
---------------+-------------+-----
Ranged Weapons | 6 7 |  7.4
Spellcasting   | 1 2 |  2.1
Fighting       | 2 |  2.4
Armour         | |  0.5
Dodging        | |  2.5
Stealth        | |  1.2

Action                   |  1- 3 |  4- 6 || total
-------------------------+-------+-------++-------
 Fire: Shortbow          |   118 |    89 ||   207
  Use: Potion            |       |     2 ||     2
Armor: Leather armour    |    25 |    25 ||    50
Dodge: Dodged            |    46 |    47 ||    93

Table legend: (Time is in decaauts)
 A = Elapsed time spent in this place.
 B = Non-inter-level travel time spent in this place.
 C = Inter-level travel time spent in this place.
 D = Time resting spent in this place.
 E = Time spent auto-exploring this place.
 F = Levels seen in this place.
 G = Mean time per level.
                   A        B        C        D        E       F      G
               +--------+--------+--------+--------+--------+-----+--------+
         Total |   3611 |   3550 |     61 |    368 |   2525 |   4 |  902.8 |
       Dungeon |   3611 |   3550 |     61 |    368 |   2525 |   4 |  902.8 |
               +--------+--------+--------+--------+--------+-----+--------+

Top non-repeatable levels by time:
     D:1: 1324 daAuts
     D:2: 1068 daAuts
     D:3: 674 daAuts
     D:4: 543 daAuts
